 Dungeon Crawl Stone Soup version 0.29-a0-338-g1ff7896281 (webtiles) character file.

Game seed: 8865253595775574247

109 spaghetti the Skirmisher (level 4, -2/48 HPs)
             Began as an Ogre Fighter on Apr 18, 2022.
             Slain by Terence
             ... wielding a +0 hand axe
              (6 damage)
             ... on level 2 of the Dungeon.
             The game lasted 00:03:15 (2168 turns).

spaghetti the Skirmisher (Ogre Fighter)             Turns: 2168, Time: 00:03:15

Health: -2/48      AC:  3    Str: 20    XL:     4   Next: 89%
Magic:  5/5        EV:  8    Int:  9    God:
Gold:   62         SH:  7    Dex: 10    Spells: 3/3 levels left

rFire   . . .      SeeInvis .   i - +4 dagger {short}
rCold   . . .      Faith    .   c - +0 kite shield
rNeg    . . .      Spirit   .   b - +0 robe
rPois   .          Reflect  .   (helmet restricted)
rElec   .          Harm     .   (no cloak)
rCorr   .          Rampage  .   (gloves unavailable)
Will    .....                   (boots unavailable)
Stlth   ..........              (no amulet)
HPRegen 0.16/turn               (no ring)
MPRegen 0.09/turn               (no ring)

@: silenced
A: large, unfitting armour, tough skin 1
a: no special abilities


You were on level 2 of the Dungeon.
You visited 1 branch of the dungeon, and saw 2 of its levels.

You collected 62 gold pieces.


Innate Abilities, Weirdness & Mutations

You are too large for most types of armour.
You have tough skin. (AC +1)


   Skills:
 - Level 4.0 Fighting
 * Level 3.8 Maces & Flails
 - Level 2.6 Dodging
 - Level 2.6 Shields
 + Level 2.4 Invocations


You had 3 spell levels left.
You didn't know any spells.
Your spell library was empty.

Inventory:

Hand Weapons
 a - a +0 flail {mace}
 i - a +4 dagger (weapon) {short}
   (You found it on level 1 of the Dungeon)
Missiles
 e - 44 stones (quivered) {throwing}
Armour
 b - a +0 robe (worn)
 c - a +0 kite shield (worn)
Jewellery
 h - a ring of resist corrosion
   (You found it on level 1 of the Dungeon)
Wands
 f - a wand of flame (23)
   (You found it on level 2 of the Dungeon)
Scrolls
 d - a scroll of torment {unknown}
 m - a scroll of enchant armour {unknown}
Potions
 g - a potion of flight

Dungeon Overview and Level Annotations

Branches:
Dungeon (2/15)

Altars:

Shops:
D:1 !

Annotations:
D:2 Terence

#..## #...### #..................
....####....# #####..............
..^..##...#.### ###..#...........
...>......#...###......#...##...#
......................<##..# ####
..........###.#.....#####..#
.......##.###......##
......###.........##
.....####.#.....@##
..รท.###......#.#.@#
....#..........##...
#.#............##.#.#
#...##..............(#
#..###............##.# ..##
#............. # ###
#.........###. #..........##


You could see Terence.


Message History

Found a stone staircase leading up. ๐Ÿ˜Ž HP[+5]
Your hp is fully restored (48).
d - a scroll labelled QOWNUFF WICRY
f - a wand of flame (23)
e - 42 stones {throwing} (gained 1)
e - 44 stones {throwing} (gained 2)
e - 45 stones {throwing} (gained 1) Terence the Incautious comes into view.
He is wielding a +0 hand axe.
Terence shouts!
Terence is nearby!
Terence is nearby!
Terence hits you with a +0 hand axe. ๐Ÿ˜• HP[-5]
You take 5 damage, and now have 43/48 hp.
You are too injured to fight recklessly!
You are too injured to fight recklessly!
You are too injured to fight recklessly!
You are too injured to fight recklessly!
You are too injured to fight recklessly!
You are too injured to fight recklessly!
You are too injured to fight recklessly!
You are too injured to fight recklessly!
You are too injured to fight recklessly!
You are too injured to fight recklessly!
You are too injured to fight recklessly!
You are too injured to fight recklessly!
You are too injured to fight recklessly!
You are too injured to fight recklessly!
You are too injured to fight recklessly!
Sorry, you're not good enough to have a special ability.
Throw: 45 stones {throwing}
Press: ? - help, Q - select action, (/) - cycle Shift-Dir - straight line, f - Terence
Aim: Terence, wielding a +0 hand axe and wearing a +0 scale mail (61% to hit)
You throw a stone {throwing}.
The stone {throwing} barely misses Terence.
You block Terence's attack.
You hit Terence but do no damage. You block Terence's attack. ๐Ÿ˜• HP[+1]
You barely miss Terence.
Terence hits you with a +0 hand axe. ๐Ÿ˜• HP[-3]
You take 3 damage, and now have 41/48 hp.
You hit Terence.
Terence hits you with a +0 hand axe. x2 ๐Ÿ˜ฎ HP[-9]
You take 9 damage, and now have 32/48 hp.
You hit Terence but do no damage. You block Terence's attack.
You hit Terence.
Terence hits you with a +0 hand axe. ๐Ÿ˜ฎ HP[-3]
You take 3 damage, and now have 29/48 hp.
You barely miss Terence. Terence barely misses you.
You hit Terence but do no damage. Terence closely misses you. ๐Ÿ˜ฎ HP[+1]
You closely miss Terence. You block Terence's attack.
Okay, then.
You hit Terence but do no damage.
Terence hits you with a +0 hand axe. ๐Ÿ˜ฎ HP[-5]
You take 5 damage, and now have 25/48 hp.
You hit Terence but do no damage. Terence hits you with a +0 hand axe.
* * * LOW HITPOINT WARNING * * *
๐Ÿ˜จ HP[-3]
You take 3 damage, and now have 22/48 hp.
You barely miss Terence. Terence hits you with a +0 hand axe.
* * * LOW HITPOINT WARNING * * *
Terence barely misses you. ๐Ÿ˜จ HP[-1]
You take 1 damage, and now have 21/48 hp.
Unknown command.
You hit Terence but do no damage. Terence hits you with a +0 hand axe.
* * * LOW HITPOINT WARNING * * *
๐Ÿ˜จ HP[-5]
You take 5 damage, and now have 16/48 hp.
You hit Terence but do no damage. Terence hits you with a +0 hand axe.
* * * LOW HITPOINT WARNING * * *
๐Ÿ˜ฑ HP[-4]
You take 4 damage, and now have 12/48 hp.
Okay, then.
As you read the scroll labelled RAOFUB EVOIDO, it crumbles to dust.
A profound silence engulfs you.
It was a scroll of silence.
Terence hits you with a +0 hand axe.
* * * LOW HITPOINT WARNING * * *
๐Ÿ˜ฑ HP[-3]
You take 3 damage, and now have 9/48 hp.
Magic scrolls do not work when you're silenced!
You hit Terence. Terence hits you with a +0 hand axe.
* * * LOW HITPOINT WARNING * * *
๐Ÿ˜ฑ HP[-1]
You take 1 damage, and now have 8/48 hp.
You hit Terence. Terence hits you with a +0 hand axe.
* * * LOW HITPOINT WARNING * * *
๐Ÿ˜ฑ HP[-3]
You take 3 damage, and now have 5/48 hp.
You hit Terence but do no damage. You block Terence's attack.
You closely miss Terence. You block Terence's attack. ๐Ÿ˜ฑ HP[+1]
You hit Terence but do no damage. Terence hits you with a +0 hand axe.
* * * LOW HITPOINT WARNING * * *
๐Ÿ˜ฑ HP[-2]
You take 2 damage, and now have 4/48 hp.
You hit Terence. Terence hits you with a +0 hand axe.
You die...

Skill      XL: |  1  2  3 |
---------------+----------+-----
Maces & Flails | 2 3 |  3.8
Invocations    | 1 2 |  2.4
Fighting       | |  4.0
Dodging        | |  2.6
Shields        | |  2.6

Action                   |  1- 3 |  4- 6 || total
-------------------------+-------+-------++-------
Melee: Flail             |   113 |    14 ||   127
       Dagger            |       |    34 ||    34
Throw: Stone             |    13 |     6 ||    19
  Use: Potion            |     5 |     1 ||     6
       Scroll            |     2 |     4 ||     6
Armor: Robe              |    47 |    11 ||    58
       Skin              |    10 |       ||    10
Dodge: Dodged            |    44 |    22 ||    66
Block: Kite shield       |    51 |    21 ||    72

Levels and vault maps discovered:
D:1:      matt_arrival_grand_opening, layout_loops_ring,
          shapermc_ecumenical_altar_mp_urbaneastern, serial_shops, shop
D:2:      layout_rooms, uniq_terence, uniq_natasha

Notes
Turn   | Place    | Note
-------+----------+-------------------------------------------
     0 | D:1      | spaghetti the Ogre Fighter began the quest for the Orb.
     0 | D:1      | Reached XP level 1. HP: 24/24 MP: 1/1
     0 | D:1      | magus.rc [v1.9.6]
    34 | D:1      | Reached skill level 2 in Maces & Flails
    84 | D:1      | Found Fukkis's Distillery.
   153 | D:1      | Reached XP level 2. HP: 29/32 MP: 2/2
   184 | D:1      | HP: 6/32 [frozen (5)]
   186 | D:1      | HP: 2/32 [frilled lizard (1)]
   518 | D:1      | Found a faded altar of an unknown god.
   611 | D:1      | Reached skill level 1 in Invocations
  1070 | D:1      | Reached XP level 3. HP: 32/39 MP: 3/3
  1404 | D:2      | HP: 14/58 [poisoned by an adder]
  1409 | D:2      | Reached skill level 3 in Maces & Flails
  1762 | D:2      | Noticed Natasha
  1770 | D:2      | Killed Natasha
  1771 | D:2      | Reached skill level 2 in Invocations
  1771 | D:2      | Reached XP level 4. HP: 48/48 MP: 5/5
  1804 | D:2      | HP: 12/48 [poisoned by an adder]
  1810 | D:2      | HP: 4/48 [frozen (3)]
  2080 | D:2      | Noticed Natasha
  2095 | D:2      | Killed Natasha
  2146 | D:2      | Noticed Terence
  2161 | D:2      | HP: 12/48 [Terence/+0 hand axe (4)]
  2164 | D:2      | HP: 5/48 [Terence/+0 hand axe (3)]
  2168 | D:2      | Slain by Terence

Vanquished Creatures
  Natasha (twice) (D:2)
  2 adders (D:2)
  A dart slug (D:1)
  4 bats (D:1)
  5 endoplasms
  3 giant cockroaches
  A goblin (D:1)
  3 hobgoblins
  4 jackals (D:2)
  2 kobolds (D:1)
  2 quokkas (D:1)
  A ball python (D:2)
  4 frilled lizards
  3 rats
37 creatures vanquished.

Vanquished Creatures (others)
  5 fungi (D:1)
  5 plants (D:1)
10 creatures vanquished.

Grand Total: 47 creatures vanquished

Table legend:
 A = Non-vault XP
 B = Vault XP
 C = Vault XP percentage of total XP
 D = Non-vault monster count
 E = Vault monster count
 F = Vault count percentage of total count
                 A         B        C        D         E       F
            +---------+---------+-------+---------+---------+-------
      Total |     121 |      35 |  22.4 |      36 |       1 |   2.7
            +---------+---------+-------+---------+---------+-------
        D:1 |      40 |       0 |   0.0 |      22 |       0 |   0.0
        D:2 |      81 |      35 |  30.2 |      14 |       1 |   6.7
            +---------+---------+-------+---------+---------+-------

Illustrated notes

Table legend:
 A = Kills in this place as a percentage of kills in entire the game.
 B = Kills by you in this place as a percentage of kills by you in the entire game.
 C = Kills by friends in this place as a percentage of kills by friends in the entire game.
 D = Other kills in this place as a percentage of other kills in the entire game.
 E = Experience gained in this place as a percentage of experience gained in the entire game.
 F = Experience gained in this place divided by the number of levels of this place that you have seen.
                   A       B       C       D       E      F
               +-------+-------+-------+-------+-------+----------------------
         Total | 100.0 | 100.0 |   N/A |   N/A | 100.0 |  78.0
       Dungeon | 100.0 | 100.0 |   N/A |   N/A | 100.0 |  78.0
               +-------+-------+-------+-------+-------+----------------------

Table legend: (Time is in decaauts)
 A = Elapsed time spent in this place.
 B = Non-inter-level travel time spent in this place.
 C = Inter-level travel time spent in this place.
 D = Time resting spent in this place.
 E = Time spent auto-exploring this place.
 F = Levels seen in this place.
 G = Mean time per level.
                   A        B        C        D        E       F      G
               +--------+--------+--------+--------+--------+-----+--------+
         Total |   2233 |   2208 |     25 |    778 |   1047 |   2 | 1116.5 |
       Dungeon |   2233 |   2208 |     25 |    778 |   1047 |   2 | 1116.5 |
               +--------+--------+--------+--------+--------+-----+--------+

Top non-repeatable levels by time:
     D:1: 1398 daAuts
     D:2: 835 daAuts
